 Dungeon Crawl Stone Soup version 0.27-a0-1548-gf8a67e7463 (webtiles) character file.

Game seed: 17619793693842498476

70 BorisBritva322 the Ruffian (level 4, -6/35 HPs)
             Began as a Draconian Transmuter on July 14, 2021.
             Shot with an arrow by a centaur (13 damage)
             ... on level 3 of the Dungeon.
             The game lasted 00:06:08 (3028 turns).

BorisBritva322 the Ruffian (Draconian Transmuter)   Turns: 3028, Time: 00:06:09

Health: -6/35      AC:  5    Str: 13    XL:     4   Next: 4%
Magic:  7/7        EV: 12    Int: 13    God:
Gold:   110        SH:  0    Dex: 12    Spells: 7/8 levels left

rFire    . . .     SeeInvis .     - Unarmed
rCold    + . .     Faith    .   (no shield)
rNeg     . . .     Spirit   .   (armour unavailable)
rPois    .         Reflect  .   (helmet restricted)
rElec    .         Harm     .   (no cloak)
rCorr    .         Rampage  .   (no gloves)
Will     .....                  (no boots)
Stlth    +.........             (no amulet)
HPRegen  0.11/turn              b - ring of protection from cold
MPRegen  0.10/turn              (no ring)

@: no status effects
A: AC +5, unfitting armour, cold-blooded
a: no special abilities


You were on level 3 of the Dungeon.
You visited 1 branch of the dungeon, and saw 3 of its levels.

You collected 110 gold pieces.

Inventory:

Jewellery
 b - a ring of protection from cold (left hand)
Wands
 g - a wand of flame (27)
Scrolls
 c - 4 scrolls of immolation {unknown}
 d - a scroll of teleportation {unknown}
Potions
 a - a potion of curing {unknown}
 e - a potion of haste {unknown}
 f - a potion of lignification {unknown}
 h - 2 potions of brilliance {unknown}


   Skills:
 + Level 1.2 Fighting
 + Level 2.1 Dodging
 + Level 3.9 Unarmed Combat
 + Level 2.6 Spellcasting
 + Level 2.5 Transmutations


You had 7 spell levels left.
You knew the following spells:

 Your Spells              Type           Power      Damage    Failure   Level
a - Beastly Appendage     Tmut           16%        N/A       9%          1

Your spell library contained the following spells:

 Spells                   Type           Power      Damage    Failure   Level
 Wereblood                Tmut           8%         N/A       13%         2
 Passwall                 Tmut/Erth      4%         N/A       22%         2
 Spider Form              Tmut/Pois      2%         N/A       38%         3
 Swiftness                Air            1%         N/A       58%         3
 Ice Form                 Ice/Tmut       5%         N/A       80%         4
 Invisibility             Hex            0%         N/A       100%        6


Dungeon Overview and Level Annotations

Branches:
Dungeon (3/15)

Altars:

Shops:
D:2 :


Innate Abilities, Weirdness & Mutations

Your plain brown scales are hard. (AC +5)
You cannot fit into any form of body armour.
You are cold-blooded and may be slowed by cold attacks.


Message History

The orc hits you but does no damage.
You hit the orc.
The orc is almost dead.
The orc hits you but does no damage.
You barely miss the orc.
The orc is almost dead.
The orc hits you but does no damage.
You hit the orc.
You kill the orc!
You have reached level 4!
You feel agile.
There is an open door here.
Things that are here:
a +0 dagger; an orc corpse You now have 110 gold pieces (gained 18).
A dart slug comes into view.
The dart slug launches a dart at you. The slug dart misses you.
You hit the dart slug.
You tail-slap the dart slug, but do no damage.
The dart slug is moderately wounded.
The dart slug bites you but does no damage.
You hit the dart slug.
The dart slug is moderately wounded.
You hit the dart slug. You tail-slap the dart slug.
You kill the dart slug!
No target in view!
You open the door.
A centaur comes into view.
The centaur shouts!
You hear a shout! x2
The centaur wields a +0 shortbow.
The centaur shoots an arrow.
The arrow hits you! 2 orcs and an orc wizard come into view.
The orc shouts!
The orc wizard shouts!
An orc comes into view. It is wielding a +0 flail.
The centaur shoots an arrow.
The arrow hits you!
* * * LOW HITPOINT WARNING * * *
There is an open door, spattered with blood here.
The centaur shoots an arrow.
The arrow hits you!
You die...

#..o.....#
#.ooo....#
#........#
#........#
#.....c..# ####
#........# #..
#........# #.####
#'#
#.#..###########@#
).........†....#.##
#.#...............#
#.##.##########...#
#....# #...# ######
#...# ##..# #..#
#..#


You could see a centaur, an orc wizard and 2 orcs.

Vanquished Creatures
  4 dart slugs
  3 orcs
  7 bats
  7 endoplasms
  A giant cockroach (D:2)
  7 goblins
  5 hobgoblins
  4 kobolds
  3 quokkas (D:1)
  6 ball pythons
  5 frilled lizards
  2 rats (D:1)
54 creatures vanquished.

Notes
Turn   | Place    | Note
-------+----------+-------------------------------------------
     0 | D:1      | BorisBritva322 the Draconian Transmuter began the quest for
                  | the Orb.
     0 | D:1      | Reached XP level 1. HP: 16/16 MP: 3/3
   381 | D:1      | Reached XP level 2. HP: 11/23 MP: 5/5
  1453 | D:1      | Reached XP level 3. HP: 22/28 MP: 6/6
  2115 | D:2      | Found Juvutas's Book Shoppe.
  3000 | D:3      | Reached XP level 4. HP: 35/35 MP: 7/7
  3026 | D:3      | Noticed a centaur
  3028 | D:3      | Shot with an arrow by a centaur

Illustrated notes

Levels and vault maps discovered:
D:1:      dpeg_arrival_solitude, layout_basic, serial_forest,
          infiniplex_forest_clump_double, infiniplex_forest_clump_long,
          infiniplex_forest_lined_corner, infiniplex_forest_lined_corner,
          infiniplex_forest_lined_room_2, infiniplex_forest_corner_2,
          infiniplex_forest_corner_1, solitary_fountain
D:2:      layout_loops_corners, serial_shops, shop
D:3:      layout_basic, uniq_grinder

Skill      XL: |  1  2  3 |
---------------+----------+-----
Dodging        | 2 |  2.1
Fighting       | |  1.2
Unarmed Combat | |  3.9
Spellcasting   | |  2.6
Transmutations | |  2.5

Action                   |  1- 3 |  4- 6 || total
-------------------------+-------+-------++-------
Melee: Unarmed           |   171 |     3 ||   174
       Tailslap          |    18 |     2 ||    20
       Kick              |     3 |       ||     3
       Headbutt          |     2 |       ||     2
       Punch             |     2 |       ||     2
 Cast: Beastly Appendage |     9 |       ||     9
 Stab: Sleeping          |     2 |       ||     2
Armor: Skin              |    55 |     1 ||    56
Dodge: Dodged            |    87 |     1 ||    88

Table legend: (Time is in decaauts)
 A = Elapsed time spent in this place.
 B = Non-inter-level travel time spent in this place.
 C = Inter-level travel time spent in this place.
 D = Time resting spent in this place.
 E = Time spent auto-exploring this place.
 F = Levels seen in this place.
 G = Mean time per level.
                   A        B        C        D        E       F      G
               +--------+--------+--------+--------+--------+-----+--------+
         Total |   3016 |   2959 |     57 |      0 |   2601 |   3 | 1005.3 |
       Dungeon |   3016 |   2959 |     57 |      0 |   2601 |   3 | 1005.3 |
               +--------+--------+--------+--------+--------+-----+--------+

Top non-repeatable levels by time:
     D:1: 1815 daAuts
     D:2: 950 daAuts
     D:3: 250 daAuts
